Match 45207471
Unlisted

Match 45207471
End
Pioneer Squad
Construct Infanterie Kompanie
Selects Italian Coastal Battlegroup
Selects Italian Coastal Battlegroup
Selects Coastal Reserves
Grenadier Squad
Coastal Reserve
Grenadier Squad
Selects Designate Defensive Line
Construct Luftwaffe Kompanie
Designate Defensive Line
221 Scout Car
Selects Rapid Fortifications
Flak 30 Anti-aircraft Gun Team
Designate Defensive Line
Rapid Fortifications
Medical Bunker
Selects Call the Reserves!
Jäger Squad
Infanterie Officer Quarters
Selects Artillery Officer
Artillery Officer
Construct Panzer Kompanie
Rapid Fortifications
MG 42 Bunker
Zergvoss
True Xavier
ConcernedApe
Kazven
0
0

Comments sign in to comment!

No comments posted yet!